 Dungeon Crawl Stone Soup version 0.29-a0-653-gd47aff6735 (webtiles) character file.

Game seed: 13496730842045009372

508 zeratav the Archer (level 6, -7/29 HPs)
             Began as a Spriggan Arcane Marksman on June 22, 2022.
             Mangled by a wight
             ... wielding a +4 halberd
              (18 damage)
             ... on level 5 of the Dungeon.
             The game lasted 00:06:22 (3860 turns).

zeratav the Archer (Spriggan Arcane Marksman)       Turns: 3860, Time: 00:06:22

Health: -7/29      AC:  3    Str:  6    XL:     6   Next: 98%
Magic:  9/9        EV: 17    Int: 15    God:
Gold:   268        SH:  5    Dex: 17    Spells: 6/7 levels left

rFire   . . .      SeeInvis +   a - +0 shortbow {bow}
rCold   . . .      Faith    .   (shield currently unavailable)
rNeg    . . .      Spirit   .   b - +0 robe
rPois   .          Reflect  +   (helmet restricted)
rElec   .          Harm     .   l - +0 cloak {rCorr}
rCorr   +          Rampage  .   (gloves unavailable)
Will    +....                   (boots unavailable)
Stlth   ++........              d - amulet of reflection
HPRegen 0.09/turn               (no ring)
MPRegen 0.11/turn               (no ring)

@: very quick
A: very small, no large weapons, unfitting armour, see invisible, speed 3
a: no special abilities


You were on level 5 of the Dungeon.
You visited 1 branch of the dungeon, and saw 5 of its levels.

You collected 268 gold pieces.


Innate Abilities, Weirdness & Mutations

You are very small and have problems with some larger weapons.
You are too small for most types of armour.
You have supernaturally acute eyesight. (SInv)
You cover ground extremely quickly. (Speed+++)


   Skills:
 - Level 0.7 Fighting
 + Level 9.2 Bows
 - Level 2.6 Dodging
 - Level 1.3 Spellcasting
 - Level 3.6 Hexes


You had 6 spell levels left.
You knew the following spells:

 Your Spells              Type           Power      Damage    Failure   Level
a - Slow                  Hex            44%        N/A       5%          1

Your spell library contained the following spells:

 Spells                   Type           Power      Damage    Failure   Level
 Apportation              Tloc           2%         N/A       24%         1
 Necrotize                Necr           4%         1d4       24%         1
 Summon Small Mammal      Summ           4%         N/A       24%         1
 Inner Flame              Hex/Fire       6%         N/A       34%         3
 Portal Projectile        Hex/Tloc       12%        N/A       34%         3
 Cause Fear               Hex            5%         N/A       47%         4
 Frozen Ramparts          Ice            2%         1d2       56%         3
 Ice Form                 Ice/Tmut       1%         N/A       93%         4
 Summon Ice Beast         Ice/Summ       1%         N/A       93%         4

Inventory:

Hand Weapons
 a - a +0 shortbow (weapon) {bow}
 p - a +2 dagger of pain {short}
   (You took it off an orc wizard on level 4 of the Dungeon)
Armour
 b - a +0 robe (worn)
 l - a +0 cloak of preservation (worn)
   (You took it off Crazy Yiuf on level 3 of the Dungeon)
Jewellery
 d - an amulet of reflection (around neck)
   (You found it on level 1 of the Dungeon)
Scrolls
 c - 2 scrolls of vulnerability {!r!r}
 f - a scroll of noise {unknown}
 h - a scroll of torment {!r}
 j - a scroll of fear
 k - a scroll of magic mapping {!r}
 m - a scroll of blinking {!r}
Potions
 e - 2 potions of curing {@q1}
 g - a potion of might {unknown}
 i - a potion of degeneration {unknown}
 n - a potion of cancellation {unknown}
 o - 3 potions of berserk rage {!q}

Dungeon Overview and Level Annotations

Branches:
Dungeon (5/15) Zot: 26945
 Temple: D:4-7

Altars:

Annotations:
D:2 Grinder

# #. ##. #...
#..##########
#.hz@.......#
#.z########.#
#' ..#.# ..
#.#.#########
#.
#.#.........#
..
#.#########.#
#
#.)......##.#
#..#####....#
#..#..#######


You could see a hound and 2 wights.


Message History

Things that are here:
a +0 short sword {short}; an orc corpse
f - a scroll labelled DAFFACS BUEGAR
Found a stone staircase leading down.
A hound comes into view.
The hound barks!
You hear a shout!
A hound is nearby!
You shoot an arrow. The arrow barely misses the hound.
You shoot an arrow. The arrow barely misses the hound.
The hound bites you. The hound barely misses you.
HP[-5]
You take 5 damage, and now have 24/29 hp.
You shoot an arrow. The arrow hits the hound!
You block the hound's attack.
You shoot an arrow. The arrow barely misses the hound.
The hound closely misses you. The hound barely misses you.
You shoot an arrow. The arrow hits the hound!
You block the hound's attack.
HP[+1]
You shoot an arrow. The arrow barely misses the hound.
You hear a shout!
The hound closely misses you.
A centaur comes into view.
You block the hound's attack.
You hear a shout!
You hear a bark!
You shoot an arrow.
The arrow hits the hound but does no damage.
The hound bites you.
HP[-3]
You take 3 damage, and now have 22/29 hp.
You shoot an arrow.
The arrow hits the hound but does no damage.
The hound barely misses you. You block the hound's attack.
You shoot an arrow. The arrow hits the hound!
You kill the hound!
The centaur hits you. The centaur misses you.
HP[-1]
You take 1 damage, and now have 21/29 hp.
You are too injured to fight recklessly!
You are too injured to fight recklessly!
You are too injured to fight recklessly!
Shoot: a) +0 shortbow {bow}
Press: ? - help, Q - select action, (/) - cycle Shift-Dir - straight line, f - centaur
Aim: a centaur (74% to hit)
You shoot an arrow. The arrow hits the centaur.
The centaur misses you. The centaur kicks you.
HP[-1]
You take 1 damage, and now have 20/29 hp.
Shoot: a) +0 shortbow {bow}
Press: ? - help, Q - select action, (/) - cycle Shift-Dir - straight line, f/p - centaur
Aim: a centaur (lightly wounded, 74% to hit)
You shoot an arrow. The arrow hits the centaur!
The centaur hits you. The centaur closely misses you.
You block the centaur's attack. The centaur barely misses you.
HP[-3]
You take 3 damage, and now have 17/29 hp.
Shoot: a) +0 shortbow {bow}
Press: ? - help, Q - select action, (/) - cycle Shift-Dir - straight line, f/p - centaur
Aim: a centaur (heavily wounded, 74% to hit)
You shoot an arrow. The arrow hits the centaur.
The centaur hits you but does no damage.
The centaur kicks you but does no damage.
Something unseen opens the door.
A wight comes into view.
It is wielding a +5 short sword of freezing.
The centaur misses you. The centaur kicks you.
* * * LOW HITPOINT WARNING * * *
HP[-3]
You take 3 damage, and now have 14/29 hp.
Shoot: a) +0 shortbow {bow}
Press: ? - help, Q - select action, (/) - cycle Shift-Dir - straight line, f/p - centaur
Aim: a centaur (severely wounded, 74% to hit)
You shoot an arrow. The arrow hits the centaur.
A wight comes into view. It is wielding a +4 halberd.
The centaur barely misses you. The centaur closely misses you.
Shoot: a) +0 shortbow {bow}
Press: ? - help, Q - select action, (/) - cycle Shift-Dir - straight line, f/p - centaur
Aim: a centaur (severely wounded, 74% to hit)
You shoot an arrow. The arrow barely misses the centaur.
The centaur closely misses you. x3; The centaur kicks you.
* * * LOW HITPOINT WARNING * * *
HP[-2]
You take 2 damage, and now have 12/29 hp.
Shoot: a) +0 shortbow {bow}
Press: ? - help, Q - select action, (/) - cycle Shift-Dir - straight line, f/p - centaur
Aim: a centaur (severely wounded, 74% to hit)
You shoot an arrow.
The arrow hits the centaur but does no damage.
A hound comes into view.
You block the wight's attack. The centaur barely misses you.
The centaur kicks you.
* * * LOW HITPOINT WARNING * * *
HP[-2]
You take 2 damage, and now have 10/29 hp.
Shoot: a) +0 shortbow {bow}
Press: ? - help, Q - select action, (/) - cycle Shift-Dir - straight line, f/p - centaur
Aim: a centaur (severely wounded, 74% to hit)
You shoot an arrow. The arrow hits the centaur!
You kill the centaur!
The wight misses you.
The wight hits you from afar with a +4 halberd!!
Ouch! That really hurt!
You die...

Skill      XL: |  1  2  3  4  5  6 |
---------------+-------------------+-----
Bows           | 3 4 5 6 7 9 |  9.2
Fighting       | |  0.7
Dodging        | |  2.6
Spellcasting   | |  1.3
Hexes          | |  3.6

Action                   |  1- 3 |  4- 6 || total
-------------------------+-------+-------++-------
 Fire: Shortbow          |   100 |   209 ||   309
 Cast: Slow              |     3 |     5 ||     8
  Use: Scroll            |       |     6 ||     6
Armor: Robe              |     5 |     5 ||    10
Dodge: Dodged            |    33 |    47 ||    80
Block: Other             |     6 |    13 ||    19
       Reflection        |       |     1 ||     1

Levels and vault maps discovered:
D:1:      psy_arrival_basics, layout_rooms, chequers_ecumenical_altar_island,
          moated_statue, nrook_mini_backslash
D:2:      layout_basic
D:3:      minmay_inner_zag, layout_rooms, uniq_natasha, uniq_crazy_yiuf_cottage,
          uniq_terence, uniq_grinder
D:4:      layout_basic, serial_co_window_serial, co_window_of_opportunity_a,
          co_window_paths_a, co_window_of_opportunity_a, co_window_paths_a,
          co_window_paths_b, co_window_unsneaky_path_e, co_window_broadway_a,
          co_window_2corner, co_window_cross_4
D:5:      cheibrodos_fzero, layout_basic,
          nicolae_concentric_dashed_squares_mild, uniq_menkaure

Notes
Turn   | Place    | Note
-------+----------+-------------------------------------------
     0 | D:1      | zeratav the Spriggan Arcane Marksman began the quest for
                  | the Orb.
     0 | D:1      | Reached XP level 1. HP: 9/9 MP: 3/3
     0 | D:1      | magus.rc [v1.9.6]
    44 | D:1      | Reached skill level 3 in Bows
    93 | D:1      | Reached XP level 2. HP: 14/14 MP: 5/5
   217 | D:1      | Reached skill level 4 in Bows
   238 | D:1      | Reached XP level 3. HP: 11/17 MP: 2/6
   361 | D:1      | Found a faded altar of an unknown god.
  1378 | D:2      | You pick up a book of Cantrips and begin reading...
  1378 | D:2      | You add the spells Necrotize, Summon Small Mammal and
                  | Apportation to your library.
  1406 | D:3      | Noticed Natasha
  1438 | D:2      | Reached skill level 5 in Bows
  1473 | D:3      | Noticed Grinder
  1606 | D:3      | Reached XP level 4. HP: 21/21 MP: 7/7
  1824 | D:3      | Noticed a black bear
  1839 | D:3      | HP: 3/21 [black bear (4)]
  1929 | D:3      | Killed a black bear
  1930 | D:3      | Reached skill level 6 in Bows
  1930 | D:3      | Reached XP level 5. HP: 9/25 MP: 8/8
  2213 | D:3      | Noticed Terence
  2217 | D:3      | Reached skill level 7 in Bows
  2313 | D:3      | Killed Terence
  2340 | D:3      | Killed Natasha
  2465 | D:3      | Found a runed translucent door.
  2466 | D:3      | Noticed Crazy Yiuf
  2697 | D:3      | Killed Crazy Yiuf
  2698 | D:3      | Reached XP level 6. HP: 29/29 MP: 9/9
  2763 | D:3      | Noticed Natasha
  2774 | D:3      | Killed Natasha
  2775 | D:3      | Reached skill level 8 in Bows
  3478 | D:4      | Reached skill level 9 in Bows
  3683 | D:4      | You pick up a book of Rime and begin reading...
  3683 | D:4      | You add the spells Frozen Ramparts, Ice Form and Summon Ice
                  | Beast to your library.
  3783 | D:5      | Entered Level 5 of the Dungeon
  3860 | D:5      | Mangled by a wight

Vanquished Creatures
  A black bear (D:3)
  A centaur (D:5)
  A scorpion (D:4)
  A hound (D:5)
  A jelly (D:4)
  Crazy Yiuf (D:3)
  An orc priest (D:4)
  Natasha (twice) (D:3)
  An orc wizard (D:4)
  Terence (D:3)
  4 gnolls
  An adder (D:3)
  2 worms (D:3)
  5 dart slugs
  8 orcs
  6 bats
  3 endoplasms
  7 giant cockroaches
  6 goblins
  3 hobgoblins
  2 jackals (D:3)
  4 quokkas
  6 ball pythons
  2 frilled lizards (D:1)
  5 kobolds
  9 rats
84 creatures vanquished.

Table legend:
 A = Non-vault XP
 B = Vault XP
 C = Vault XP percentage of total XP
 D = Non-vault monster count
 E = Vault monster count
 F = Vault count percentage of total count
                 A         B        C        D         E       F
            +---------+---------+-------+---------+---------+-------
      Total |     604 |     241 |  28.5 |      76 |       8 |   9.5
            +---------+---------+-------+---------+---------+-------
        D:1 |      56 |       0 |   0.0 |      25 |       0 |   0.0
        D:2 |      29 |       0 |   0.0 |      12 |       0 |   0.0
        D:3 |     245 |     122 |  33.2 |      21 |       7 |  25.0
        D:4 |     228 |       0 |   0.0 |      16 |       0 |   0.0
        D:5 |      46 |     119 |  72.1 |       2 |       1 |  33.3
            +---------+---------+-------+---------+---------+-------

Illustrated notes

Table legend:
 A = Kills in this place as a percentage of kills in entire the game.
 B = Kills by you in this place as a percentage of kills by you in the entire game.
 C = Kills by friends in this place as a percentage of kills by friends in the entire game.
 D = Other kills in this place as a percentage of other kills in the entire game.
 E = Experience gained in this place as a percentage of experience gained in the entire game.
 F = Experience gained in this place divided by the number of levels of this place that you have seen.
                   A       B       C       D       E      F
               +-------+-------+-------+-------+-------+----------------------
         Total | 100.0 | 100.0 |   N/A |   N/A | 100.0 | 169.0
       Dungeon | 100.0 | 100.0 |   N/A |   N/A | 100.0 | 169.0
               +-------+-------+-------+-------+-------+----------------------

Table legend: (Time is in decaauts)
 A = Elapsed time spent in this place.
 B = Non-inter-level travel time spent in this place.
 C = Inter-level travel time spent in this place.
 D = Time resting spent in this place.
 E = Time spent auto-exploring this place.
 F = Levels seen in this place.
 G = Mean time per level.
                   A        B        C        D        E       F      G
               +--------+--------+--------+--------+--------+-----+--------+
         Total |   2871 |   2766 |    105 |    190 |   1930 |   5 |  574.2 |
       Dungeon |   2871 |   2766 |    105 |    190 |   1930 |   5 |  574.2 |
               +--------+--------+--------+--------+--------+-----+--------+

Top non-repeatable levels by time:
     D:3: 1004 daAuts
     D:4: 706 daAuts
     D:1: 580 daAuts
     D:2: 526 daAuts
     D:5: 53 daAuts
